 Dungeon Crawl Stone Soup version 0.17.0-7-gfadd4cc (webtiles) character file.

147 septik the Firebug (level 5, -1/28 HPs)
             Began as a Deep Elf Fire Elementalist on Nov 8, 2015.
             Succumbed to a water moccasin's poison
             ... on level 3 of the Dungeon.
             The game lasted 00:12:53 (2776 turns).

septik the Firebug (Deep Elf Fire Elementalist)     Turns: 2776, Time: 00:12:53

Health: -1/28      AC:  2    Str:  5      XL:     5   Next: 8%
Magic:  4/11       EV: 13    Int: 17 (21) God:
Gold:   72         SH:  0    Dex: 15      Spells: 3 memorised, 2 levels left

rFire  . . .     SeeInvis .     o - +0 short sword
rCold  . . .     Clarity  .     a - +0 robe
rNeg   . . .     SustAt   .     (no shield)
rPois  .         Gourm    .     (no helmet)
rElec  .         Spirit   .     (no cloak)
rCorr  .         Warding  .     (no gloves)
rMut   .         Stasis   .     (no boots)
MR     .....                    (no amulet)
Stlth  ++........               (no ring)
                                (no ring)

@: lethally poisoned (-1 -> -22), not resistant to hostile enchantments,
unstealthy
A: no striking features
a: no special abilities


You were on level 3 of the Dungeon.
You were not hungry.

You visited 1 branch of the dungeon, and saw 3 of its levels.

You collected 72 gold pieces.

Inventory:

Hand Weapons
 j - a +1 dagger of flaming
 k - a +0 hand axe
 o - a +0 short sword (weapon)
 v - a +0 falchion
Missiles
 e - 38 poisoned needles
 p - 36 stones (quivered)
 r - 7 javelins
 x - 18 sling bullets
Armour
 a - a +0 robe (worn)
Jewellery
 n - an uncursed amulet of guardian spirit
Scrolls
 d - 2 scrolls of identify {unknown}
 f - a scroll of teleportation {unknown}
 g - 3 scrolls of remove curse {unknown}
 h - 2 scrolls of fog {unknown}
 i - a scroll of magic mapping {unknown}
 m - a scroll of recharging {unknown}
 w - 2 scrolls of amnesia {unknown}
 y - a scroll of enchant weapon {unknown}
Books
 b - a book of Flames

   Spells                             Type                      Level
   a - Flame Tongue                   Conjuration/Fire             1
   b - Throw Flame                    Conjuration/Fire             2
   c - Conjure Flame                  Conjuration/Fire             3
   d - Inner Flame                    Hexes/Fire                   3
   e - Sticky Flame                   Conjuration/Fire             4
   f - Fireball                       Conjuration/Fire             5
Comestibles
 c - 3 bread rations
 l - 12 chunks of flesh
 q - 2 slices of pizza
 t - 2 beef jerkies
 u - 3 fruits


   Skills:
 - Level 2.4 Dodging
 - Level 2.4 Stealth
 - Level 3.0 Spellcasting
 * Level 4.1 Conjurations
 * Level 4.8 Fire Magic


You had 2 spell levels left.
You knew the following spells:

 Your Spells              Type           Power        Failure   Level  Hunger
a - Flame Tongue          Conj/Fire      ###..        2%          1    None
b - Conjure Flame         Conj/Fire      ###.....     10%         3    ###....
c - Sticky Flame          Conj/Fire      ###.....     30%         4    ####...


Dungeon Overview and Level Annotations

Branches:
Dungeon (3/15)

Altars:
Fedhas
Gozag

Shops:
D:3 *


Message History

Aim: a water moccasin (moderately wounded)
The flame tongue misses the water moccasin.
You feel sick.
The water moccasin completely misses you.
Casting: Flame Tongue
Confirm with . or Enter, or press ? or * to list all spells.
Aiming: Flame Tongue
Press: ? - help, Shift-Dir - straight line, f/p - water moccasin
Aim: a water moccasin (moderately wounded)
The flame tongue hits the water moccasin.
The water moccasin is heavily wounded.
You feel sick. The water moccasin bites you!
* * * LOW HITPOINT WARNING * * *
The water moccasin bites you.
* * * LOW HITPOINT WARNING * * *
Drink which item? (? for menu, Esc to quit)
It was a potion of degeneration.
There was something very wrong with that liquid.
You feel dopey.
You die...

### ##.# ### ##.#.
########.####.###
####...#........##
#
#.S@.#.#..#....##
#.##...#.#...#..#
# #
##.......##.#.###
####.#####.##.#.
#.#####.###.#
#.).....##...
###...###....
##.....#.....
##.......#....


You could see a water moccasin.

Vanquished Creatures
  A worker ant (D:2)
  An orc priest (D:3)
  3 adders
  An ooze (D:3)
  2 worms (D:2)
  2 giant geckos (D:2)
  10 orcs (D:3)
  11 goblins
  4 hobgoblins
  5 bats
  A giant cockroach (D:3)
  2 giant newts (D:3)
  A kobold (D:3)
  12 rats
56 creatures vanquished.

Notes
Turn   | Place    | Note
--------------------------------------------------------------
     0 | D:1      | septik the Deep Elf Fire Elementalist began the quest for the Orb.
     0 | D:1      | Reached XP level 1. HP: 10/10 MP: 6/6
   368 | D:1      | Reached XP level 2. HP: 15/15 MP: 6/8
   371 | D:1      | Reached skill level 4 in Fire Magic
   797 | D:2      | Reached XP level 3. HP: 19/19 MP: 3/9
   806 | D:2      | Learned a level 3 spell: Conjure Flame
  1782 | D:3      | Reached XP level 4. HP: 24/24 MP: 3/10
  2316 | D:3      | Learned a level 4 spell: Sticky Flame
  2520 | D:3      | Found Gozag's Platinum Reserve.
  2617 | D:3      | Found a blossoming altar of Fedhas.
  2617 | D:3      | Found an opulent altar of Gozag.
  2676 | D:3      | Reached XP level 5. HP: 28/28 MP: 9/11
  2768 | D:3      | Noticed a water moccasin
  2775 | D:3      | HP: 1/28 [water moccasin (4)]
  2776 | D:3      | Succumbed to a water moccasin's poison

Action                   |  1- 3 |  4- 6 || total
-------------------------+-------+-------++-------
Melee: Short sword       |       |     5 ||     5
 Cast: Flame Tongue      |    53 |    62 ||   115
       Conjure Flame     |     3 |       ||     3
  Use: Potion            |     3 |     1 ||     4
  Eat: Chunk             |     3 |     3 ||     6
